 Dungeon Crawl Stone Soup version 0.30-b1-2-g02819fbbbe (webtiles) character file.

Game seed: 14241504995453954320

1 sanka the Changer (level 1, -2/14 HPs)
             Began as an Armataur Wanderer on May 8, 2023.
             Frozen to death by an endoplasm (5 damage)
             ... on level 1 of the Dungeon.
             The game lasted 00:00:40 (12 turns).

sanka the Changer (Armataur Wanderer)                 Turns: 12, Time: 00:00:41

Health: -2/14      AC:  5    Str: 16    XL:     1   Next: 16%
Magic:  2/2        EV:  9    Int: 15    God:
Gold:   0          SH:  0    Dex:  7    Spells: 2/2 levels left

rFire   . . .        a - +0 club
rCold   . . .        (no shield)
rNeg    . . .        d - +0 leather armour
rPois   .            b - +0 helmet
rElec   .            (no cloak)
rCorr   .            (no gloves)
SInv    .            (no barding)
Will    .....        (no amulet)
Stlth   +            (no ring)
HPRegen 0.22/turn    (no ring)
MPRegen 0.08/turn

%: roll
@: no status effects
A: large, rugged brown scales 3, deformed body, armoured tail, roll, long
tongue, awkward tongue
a: no special abilities


You were on level 1 of the Dungeon.
You visited 1 branch of the dungeon, and saw 1 of its levels.

Inventory:

Hand Weapons
 a - a +0 club (weapon)
Armour
 b - a +0 helmet (worn)
 d - a +0 leather armour (worn)
Scrolls
 c - a scroll of blinking
 e - a scroll of fog


   Skills:
 + Level 1.4 Dodging
 + Level 1.1 Stealth
 + Level 1.8 Unarmed Combat
 + Level 1.0 Spellcasting
 + Level 3.6 Transmutations


You had 2 spell levels left.
You didn't know any spells.
Your spell library contained the following spells:

 Spells                   Type           Power      Damage    Failure   Level
 Beastly Appendage        Tmut           22%        N/A       7%          1
 Sting                    Tmut/Pois      24%        1d4       14%         1
 Petrify                  Tmut/Erth      6%         N/A       82%         4


Dungeon Overview and Level Annotations

Branches:
Dungeon (1/15)

Altars:

Shops:
D:1 *


Innate Abilities, Weirdness & Mutations

You are completely covered in rugged brown scales. (AC +3, +7% HP)
Armour fits poorly on your strangely shaped body.
You have a long armoured tail.
You roll when moving toward enemies. (Rampage)
Your long tongue fully drains potion bottles. (2x potion effects)
Your tongue gives you trouble enunciating. (1.5x scroll delay)


Message History

The jackal is lightly wounded.
The jackal misses you.
The jackal bites you but does no damage. x3
You barely miss the jackal.
The jackal is lightly wounded.
The jackal bites you but does no damage.
The jackal closely misses you.
The jackal bites you but does no damage. x2
You barely miss the jackal. You tail-slap the jackal.
You kill the jackal!
The jackal bites you.
The jackal bites you but does no damage.
The endoplasm freezes you.
You are frozen.
You are too injured to fight recklessly!
You are too injured to fight recklessly!
You are too injured to fight recklessly!
You are too injured to fight recklessly!
You are too injured to fight recklessly!
You are too injured to fight recklessly!
You hit the endoplasm but do no damage. The jackal bites you.
The endoplasm freezes you.
You are frozen.
* * * LOW HITPOINT WARNING * * *
The jackal closely misses you.
You hit the endoplasm.
The endoplasm is lightly wounded.
The jackal bites you but does no damage.
The endoplasm hits you but does no damage.
The jackal barely misses you.
You completely miss the endoplasm.
Your tail-slap misses the endoplasm.
The endoplasm is lightly wounded.
The endoplasm freezes you.
You are frozen.
* * * LOW HITPOINT WARNING * * *
The jackal bites you.
* * * LOW HITPOINT WARNING * * *
The endoplasm freezes you.
You are frozen.
You die...

.. #. ..##.P#~# #.#
#.##..#.##~## ..# #..
#...~~~~ .#.## .
#.###..##~##.....
...###..##..P#~#P.....
.........#...P.P......
#.@..............
##Jh...).<.......
.KJ..................
....#.......P.P.....[
... ##.....P#~#P.....
. .......##~##.####
(.....#.~~~~ ..#
.........##~## .#
.........P#~# .#


You could see an endoplasm and a jackal.

Vanquished Creatures
  A jackal (D:1)
1 creature vanquished.

Notes
Turn   | Place    | Note
-------+----------+-------------------------------------------
     0 | D:1      | sanka the Armataur Wanderer began the quest for the Orb.
     0 | D:1      | sanka set off with the following items: a +0 club, a +0
                  | helmet, a scroll of blinking, a +0 leather armour, a scroll
                  | of fog; and the following spells available to memorise:
                  | Beastly Appendage, Sting, Petrify.
     0 | D:1      | Reached XP level 1. HP: 14/14 MP: 2/2
    12 | D:1      | Frozen to death by an endoplasm

Illustrated notes

Levels and vault maps discovered:
D:1:      eino_arrival_water_cross, layout_rooms, serial_shops, shop,
          minmay_misc_feat_five

Action                     || total
---------------------------++-------
  Melee: Club              ||     7
         Tailslap          ||     2
 Armour: Leather armour    ||    10
  Dodge: Dodged            ||     6
